AoeStats
← danjo

Golden Pit

508633544Analyzed
1v1 RM · 9d ago on Sep 23, 2026· 24m 2s· 2 players
Game mode
Random Map
Map size
Tiny (2 player)
Population
200
Speed
Normal
Resources
Standard
Victory
Conquest
Starting age
Dark Age
Ending age
Imperial Age
RankedLock teamsTeams togetherTeam positionsShared explorationLock speedFull tech treeHidden civsTurbo modeCheats
Victory
Defeat
🇪🇸 Danes · Spain
1138
+16
🇩🇪 Malians · Germany
1135
-16
danjo
10:59 Feudal Age
10:35 Loom
19:51 Castle Age
19:38 Padded Archer Armor
22:28 Leather Archer Armor
Knights hospitaller
7:12 Loom
9:17 Feudal Age
9:38 Man-at-Arms
10:04 Arson
12:30 Double-Bit Axe
17:49 Wheelbarrow
17:57 Wheelbarrow
21:25 Castle Age
19:35 Horse Collar
20:12 Scale Mail Armor
20:38 Forging
22:56 Iron Casting
22:25 Squires
24:11 Chain Mail Armor
Connection lost

Rejoining the realm…

Still unreachable

The connection could not be restored.

Session expired

The server has moved on; the page needs a fresh start.